 Dungeon Crawl Stone Soup version 0.27.1-2-g3b301248ec (webtiles) character file.

Game seed: 6916190404840136302

9874 Metae the Cleaver (level 11, -11/99 HPs)
             Began as a Hill Orc Fighter on Sept 29, 2021.
             Was a Believer of Beogh.
             Killed from afar by a frost giant (29 damage)
             ... with a bolt of cold
             ... on level 11 of the Dungeon.
             The game lasted 00:51:37 (18227 turns).

Metae the Cleaver (Hill Orc Fighter)               Turns: 18227, Time: 00:51:38

Health: -11/99     AC: 15    Str: 23    XL:     11   Next: 53%
Magic:  17/17      EV:  7    Int:  8    God:    Beogh [**....]
Gold:   1150       SH: 16    Dex: 10    Spells: 10/10 levels left

rFire    . . .     SeeInvis +   H - +0 broad axe (freeze)
rCold    . . .     Faith    .   c - +0 kite shield
rNeg     . . .     Spirit   .   y - +0 chain mail
rPois    .         Reflect  +   v - +0 helmet
rElec    .         Harm     .   (no cloak)
rCorr    +         Rampage  .   (no gloves)
Will     .....                  A - +1 pair of boots
Stlth    ..........             Q - amulet of reflection
HPRegen  0.26/turn              m - ring of resist corrosion
MPRegen  0.15/turn              w - ring of see invisible

@: no status effects
A: no striking features
a: Renounce Religion, Smiting


You were on level 11 of the Dungeon.
You worshipped Beogh.
Beogh was pleased with you.
You visited 1 branch of the dungeon, and saw 11 of its levels.
You also visited: Sewer and Bailey.

You collected 1150 gold pieces.

Inventory:

Hand Weapons
 a - a +0 war axe
 H - a +0 broad axe of freezing (weapon)
 S - a +2 vorpal spear
 Y - a +2 shortbow of freezing
Missiles
 b - 2 throwing nets
 r - 97 sling bullets
 N - 90 arrows
 U - 60 boomerangs (quivered)
Armour
 c - a +0 kite shield (worn)
 v - a +0 helmet (worn)
 y - a +0 chain mail (worn)
 A - a +1 pair of boots (worn)
 D - +0 acid dragon scales
Jewellery
 m - a ring of resist corrosion (left hand)
 w - a ring of see invisible (right hand)
 C - a ring of magical power
 G - a ring of flight
 I - an amulet of faith
 Q - an amulet of reflection (around neck)
 V - a ring of protection from cold
Wands
 q - a wand of flame (6)
 B - a wand of iceblast (12)
 K - a wand of digging (6)
 R - a wand of paralysis (7)
 T - a wand of polymorph (7)
Scrolls
 e - a scroll of silence
 f - a scroll of amnesia
 l - 5 scrolls of teleportation
 p - a scroll of identify
 s - a scroll of immolation
 t - 2 scrolls of fog
 u - 2 scrolls of noise
 E - 2 scrolls of enchant weapon
 F - 2 scrolls of torment
 L - a scroll of vulnerability
 O - 2 scrolls of enchant armour
Potions
 d - 2 potions of might
 g - 4 potions of heal wounds
 h - 2 potions of magic {unknown}
 i - 3 potions of curing
 j - 4 potions of flight
 k - 2 potions of attraction {unknown}
 n - a potion of lignification {unknown}
 o - a potion of mutation {unknown}
 x - a potion of ambrosia {unknown}
 z - a potion of degeneration {unknown}
 J - a potion of cancellation {unknown}
 M - a potion of brilliance {unknown}
 P - a potion of resistance {unknown}
Miscellaneous
 W - a condenser vane
 X - a lightning rod (4/4)


   Skills:
 + Level 9.9 Fighting
 + Level 10.1 Axes
 + Level 1.3 Bows
 + Level 8.9 Armour
 + Level 9.0 Shields
 - Level 8.5 Invocations
 + Level 6.5 Evocations


You had 10 spell levels left.
You didn't know any spells.
Your spell library contained the following spells:

 Spells                   Type           Power      Damage    Failure   Level
 Beastly Appendage        Tmut           0%         N/A       99%         1
 Sandblast                Erth           0%         2d4       99%         1
 Passwall                 Tmut/Erth      0%         N/A       100%        2
 Wereblood                Tmut           0%         N/A       100%        2
 Conjure Flame            Conj/Fire      0%         6-21      100%        3
 Dazzling Flash           Conj/Hex       0%         N/A       100%        3
 Frozen Ramparts          Ice            0%         1d2       100%        3
 Ignite Poison            Fire/Tmut/Pois 0%         N/A       100%        3
 Spider Form              Tmut/Pois      0%         N/A       100%        3
 Ice Form                 Ice/Tmut       0%         N/A       100%        4
 Sticky Flame             Conj/Fire      0%         2d3       100%        4
 Summon Ice Beast         Ice/Summ       0%         N/A       100%        4
 Agony                    Necr           0%         N/A       100%        5
 Iskenderun's Battlesphe  Conj           0%         2d6       100%        5
 Lee's Rapid Deconstruct  Erth           0%         3d5*      100%        5
 Silence                  Hex/Air        0%         N/A       100%        5
 Iron Shot                Conj/Erth      0%         9d1       100%        6
 Spellforged Servitor     Conj/Summ      0%         N/A       100%        7


Dungeon Overview and Level Annotations

Branches:
Dungeon (11/15)            Temple (0/1) D:6            Lair (0/6) D:10
  Sewer (visited)          Bailey (visited)
    Orc: D:9-12

Altars:
Ashenzari
Dithmenos
Gozag
Okawaru
Sif Muna
Trog
Uskayaw
Vehumet
Wu Jian
Yredelemnul
The Shining One

Shops:
D:11 [


Message History

The frost giant freezes you!
Okay, then.
What are your orders? t - Shout!
Orders for allies: a - Attack new target. r - Retreat! s - Stop attacking. g - Guard the area. f - Follow me.
Anything else - Cancel.
Retreat in which direction?
Press: ? - help, Dir - move target You can't see that place. [the floor.]
You can't see that place.
Okay, then.
What are your orders? t - Shout!
Orders for allies: a - Attack new target. r - Retreat! s - Stop attacking. g - Guard the area. f - Follow me.
Anything else - Cancel.
Retreat in which direction?
Press: ? - help, Dir - move target
Okay, then.
Throw: 60 boomerangs
Press: ? - help, Q - select action, (/) - cycle Shift-Dir - straight line
Okay, then.
Brandogh hits the ettin with a +0 flail of distortion!
The ettin blinks!
The frost giant gestures at you while chanting.
The bolt of cold hits you!!!
* * * LOW HITPOINT WARNING * * *
The ettin hits Brandogh with a +0 dire flail!! x2
Brandogh hits the ettin with a +0 flail of distortion!!
The ettin is devoured by a tear in reality.
Your Shields skill increases to level 9!
Brandogh hits the frost giant with a +0 flail of distortion.
Space bends around the frost giant.
The frost giant casts a spell at you. The bolt of cold hits you!!
You die...

###..########################.#
.....# #.# ####.# #.# #.#
######### #.# #.# #...#.§§# #.#
#.# #...Co.§# #.# # #.# #...#...#
#.# ..# #..##...# ##.## ## #..
#@.## #######.#.## #.###..#
#..[...###.# #### .##.#..#
#.#####.#..# ...#
.##..'.#####.######.#.# ##.#
###(..#.#..........#.#.#
##.##########'########.####.#..#.
#...##....†....# #.#....(.###
.....'.......#########.........#o
#...##.[..####.....<...#.#.####.#


You could see a frost giant (ally target) and the friendly Brandogh the orc
knight.

Vanquished Creatures
  A two-headed ogre (D:10)
  A deep elf pyromancer (D:11)
  A deep elf zephyrmancer (D:9)
  2 cyclopes (D:11)
  A manticore (D:11)
  2 unseen horrors
  A kobold demonologist (D:11)
  A centaur simulacrum (D:11)
  Sigmund (D:2)
  A yak (D:10)
  Eustachio (D:6)
  A steam dragon (D:9)
  2 acid dragons
  7 orc warriors
  2 necrophages
  3 centaurs
  A phantom (D:4)
  3 kobold brigands
  3 bullfrogs
  2 gnoll sergeants
  A wyvern zombie (D:7)
  A scorpion (D:5)
  2 water moccasin zombies
  7 wights
  3 howler monkeys
  2 centaur zombies
  5 jellies
  3 hounds
  4 orc priests
  A gnoll shaman (D:9)
  2 bullfrog skeletons
  A centaur skeleton (D:5)
  4 iguanas
  Jessica (D:3)
  5 orc wizards
  A merfolk siren (Sewer)
  A merfolk avatar (Sewer)
  A killer bee zombie (D:7)
  2 hound zombies (D:4)
  A hound skeleton (D:4)
  A howler monkey zombie (D:6)
  13 adders
  14 gnolls
  A shadow imp (D:6)
  A white imp (D:5)
  An ufetubus (D:4)
  2 adder zombies (D:4)
  3 worms
  4 dart slugs
  27 orcs
  7 ball pythons
  5 bats
  10 endoplasms
  5 giant cockroaches
  9 goblins
  18 hobgoblins
  2 jackals (D:1)
  10 quokkas
  9 frilled lizards
  A jackal skeleton (D:2)
  33 kobolds
  33 rats
294 creatures vanquished.

Vanquished Creatures (collateral kills)
  Fannar (D:10)
  An ugly thing (D:11)
  Joseph (D:9)
  A gargoyle (D:11)
  A tengu conjurer (D:11)
  3 yaks (D:10)
  A basilisk (D:9)
  2 centaurs
  3 kobold brigands (D:11)
  An orc wizard (D:10)
  2 orcs
  4 kobolds
21 creatures vanquished.

Vanquished Creatures (others)
  An orc warrior (D:10)
  An orc priest (D:9)
  An orc wizard (D:9)
  5 orcs
  7 plants (D:10)
15 creatures vanquished.

Grand Total: 330 creatures vanquished

Notes
Turn   | Place    | Note
-------+----------+-------------------------------------------
     0 | D:1      | Metae the Hill Orc Fighter began the quest for the Orb.
     0 | D:1      | Reached XP level 1. HP: 19/19 MP: 1/1
   221 | D:1      | Reached skill level 3 in Axes
   221 | D:1      | Reached XP level 2. HP: 27/27 MP: 2/2
   418 | D:1      | Found a faded altar of an unknown god.
   832 | D:1      | Reached XP level 3. HP: 33/33 MP: 3/3
  1192 | D:2      | Noticed Sigmund
  1716 | D:2      | Reached XP level 4. HP: 32/41 MP: 4/4
  1917 | D:2      | Killed Sigmund
  1918 | D:2      | Reached skill level 5 in Fighting
  1918 | D:2      | Reached skill level 4 in Axes
  1918 | D:2      | Reached XP level 5. HP: 45/48 MP: 5/5
  1918 | D:2      | Reached XP level 6. HP: 53/56 MP: 6/6
  2629 | D:3      | Noticed Jessica
  2635 | D:3      | Killed Jessica
  2864 | D:3      | Found a glowing drain.
  2870 | Sewer    | Entered a sewer
  3080 | Sewer    | Reached skill level 5 in Axes
  3552 | Sewer    | Reached skill level 5 in Armour
  4134 | D:3      | Became a worshipper of Beogh the Brigand
  4496 | D:3      | Found an iron altar of Okawaru.
  4754 | D:3      | Found a bloodstained altar of Trog.
  4805 | D:3      | Reached XP level 7. HP: 48/61 MP: 7/7
  5050 | D:4      | Reached skill level 5 in Shields
  5101 | D:4      | Found a basalt altar of Yredelemnul.
  5359 | D:4      | Reached * piety under Beogh
  5360 | D:4      | Reached skill level 1 in Invocations
  5501 | D:4      | Reached skill level 1 in Evocations
  5913 | D:5      | Entered Level 5 of the Dungeon
  6329 | D:5      | Reached XP level 8. HP: 56/70 MP: 9/9
  6336 | D:5      | Reached skill level 6 in Axes
  7127 | D:5      | Found a radiant altar of Vehumet.
  7146 | D:5      | Reached ** piety under Beogh
  8515 | D:6      | Found a staircase to the Ecumenical Temple.
  8630 | D:6      | Reached XP level 9. HP: 75/79 MP: 12/12
  8641 | D:6      | Reached skill level 7 in Axes
  8789 | D:6      | Noticed Eustachio
  8804 | D:6      | Killed Eustachio
 10088 | D:7      | Reached skill level 5 in Invocations
 10355 | D:7      | Found a glowing golden altar of the Shining One.
 10859 | D:8      | Found an opulent altar of Gozag.
 10964 | D:8      | Found a shimmering blue altar of Sif Muna.
 11377 | D:8      | Found an ornate altar of the Wu Jian Council.
 11938 | D:8      | Found a hide-covered altar of Uskayaw.
 13057 | D:9      | Found a flagged portal.
 13064 | Bailey   | Entered a bailey
 13084 | Bailey   | Reached skill level 8 in Axes
 13123 | Bailey   | Reached *** piety under Beogh
 13137 | Bailey   | Reached XP level 10. HP: 38/88 MP: 14/14
 13782 | D:9      | Noticed Joseph
 13793 | D:9      | Killed Joseph
 14204 | D:9      | Found a shadowy altar of Dithmenos.
 14421 | D:9      | Reached skill level 5 in Evocations
 14781 | D:9      | Noticed a deep elf zephyrmancer
 14789 | D:9      | Killed a deep elf zephyrmancer
 15174 | D:10     | Entered Level 10 of the Dungeon
 15202 | D:10     | Noticed an unseen horror
 15207 | D:10     | Killed an unseen horror
 15519 | D:10     | Found a staircase to the Lair.
 15689 | D:10     | Reached **** piety under Beogh
 15690 | D:10     | Reached skill level 9 in Axes
 15721 | D:10     | Found a broken altar of Ashenzari.
 15729 | D:10     | Noticed a two-headed ogre
 15741 | D:10     | Killed a two-headed ogre
 16032 | D:10     | Noticed Fannar
 16038 | D:10     | Killed Fannar
 16211 | D:10     | Reached XP level 11. HP: 76/97 MP: 16/16
 16612 | D:11     | Noticed a soul eater
 16614 | D:11     | Gained Brandogh as an ally
 16752 | D:11     | Noticed a deep elf pyromancer
 16759 | D:11     | Killed a deep elf pyromancer
 16790 | D:11     | Noticed a cyclops
 16797 | D:11     | Killed a cyclops
 17255 | D:11     | Found Exkuut's Armour Boutique.
 17970 | D:11     | Noticed a cyan ugly thing
 17977 | D:11     | Killed a cyan ugly thing
 17978 | D:11     | Reached skill level 10 in Axes
 17982 | D:11     | Noticed a cyclops
 17989 | D:11     | Killed a cyclops
 17992 | D:11     | Reached skill level 1 in Bows
 17993 | D:11     | Noticed a manticore
 18004 | D:11     | Killed a manticore
 18222 | D:11     | Noticed an ettin
 18222 | D:11     | Noticed a frost giant
 18226 | D:11     | Banished an ettin
 18227 | D:11     | Killed from afar by a frost giant

Illustrated notes

Levels and vault maps discovered:
D:1:      elethiomel_arrival_infinity_welcomes_careful_drivers,
          layout_loops_ring, shapermc_ecumenical_altar_hornbeckon
D:2:      cheibrodos_helix_gallery, layout_basic, serial_aquarium,
          aquarium_bridge_square [aquarium_subvault_bridge,
          aquarium_subvault_bridge, aquarium_subvault_bridge,
          aquarium_subvault_bridge], aquarium_window_corner, aquarium_window_1,
          aquarium_window_2, aquarium_window_2, aquarium_view_4,
          aquarium_pool_2, st_stairs_6, uniq_sigmund
D:3:      layout_basic, mainiacjoe_overflow_alcove_2, trog_hazing_becter,
          gup_sewer_entry_spiral, uniq_jessica
D:4:      minmay_bubble_buster, layout_rooms, nicolae_yredelemnul_corpse_copse
D:5:      layout_basic, old_standard_altar, minmay_misc_feat_more_columns,
          minmay_misc_feat_iff
D:6:      layout_basic, minmay_temple_entry_enclosed_plants, uniq_eustachio
D:7:      layout_gridville, mainiacjoe_overflow_chevrons
D:8:      layout_layer_cave, nicolae_wu_jian_wuxing_cycle,
          mainiacjoe_overflow_concentric_impassable,
          nicolae_sif_muna_condensation, mainiacjoe_overflow_alcove_1
D:9:      layout_loops_ring, grunt_dithmenos_smoke, enter_bailey_2,
          guppyfry_early_elven_hall, uniq_joseph
D:10:     layout_roguey, nicolae_ashenzari_panopticon, dpeg_oklobed_lair,
          serial_bayou, serial_bayou_shore_a, serial_bayou_crossing,
          serial_bayou_shore_b, serial_bayou_shore_b, uniq_fannar
D:11:     minmay_sliced_demisemicircle, layout_loops_ring, serial_shops,
          nicolae_shop_window_shopping, grunt_ministairs_14

Skill      XL: |  1  2  3  4  5  6  7  8  9 10 11 |
---------------+----------------------------------+-----
Axes           | 3 4 5 6 8 9 10 | 10.1
Fighting       | 4 5 6 7 8 9 |  9.9
Armour         | 4 5 6 7 8 |  8.9
Shields        | 4 5 6 7 8 9 |  9.0
Invocations    | 2 4 6 7 8 |  8.5
Evocations     | 1 3 4 5 6 |  6.5
Bows           | 1 |  1.3

Action                   |  1- 3 |  4- 6 |  7- 9 | 10-12 || total
-------------------------+-------+-------+-------+-------++-------
Melee: War axe           |   123 |   240 |   351 |       ||   714
       Broad axe         |       |       |   162 |   165 ||   327
Throw: Boomerang         |       |       |       |    22 ||    22
Invok: Convert to Beogh  |       |     1 |       |       ||     1
       Recall Orcish Fol |       |       |       |     1 ||     1
Evoke: Wand              |       |       |     2 |    11 ||    13
       Lightning rod     |       |       |       |     1 ||     1
  Use: Potion            |       |     3 |     1 |     2 ||     6
       Scroll            |       |       |     8 |     3 ||    11
 Stab: Distracted        |       |       |       |     1 ||     1
Armor: Scale mail        |    69 |   125 |    49 |       ||   243
       Chain mail        |       |       |   254 |   116 ||   370
Dodge: Dodged            |    47 |    86 |   138 |    52 ||   323
Block: Kite shield       |    84 |   130 |   363 |   166 ||   743
       Reflection        |       |       |       |     1 ||     1
